Map: 2000 Atmospheres LE

Players

A.I. 1 (Very Easy)

  • Race: Terran Terran

RevMuun

  • Race: Zerg Zerg

VOD

Have the link to the VOD?

Description

Time

  • Played on: Dec. 27, 2021, 8:49 p.m.
  • Length: 9:38
Show
View Real Time Build Order
Export as new Build Order

A.I. 1 (Very Easy) Terran 

Build Orders: Command Center First (CC) 

Get SALT Encoding   

    0:41  SCV x12  
    0:53  Unknown, SCV  
  13  1:05  SCV  
  14  1:17  SCV  
  15  1:25  Supply Depot  
  15  1:47  SCV  
  16  1:52  Command Center  
  16  2:02  Barracks  
  16  2:09  Refinery  
  16  2:19  Supply Depot  
  16  2:26  Refinery  
  16  2:50  Marine, SCV  
  18  3:02  SCV  
  18  3:05  SCV  
  20  3:14  SCV  
  21  3:37  Marine  
  22  4:24  Barracks Tech Lab  
  22  4:46  Marauder  
  24  6:09  Marine  
  24  6:17  SCV  
  21  6:24  SCV  
  19  6:32  SCV  
  15  6:38  Marauder  
  15  6:39  SCV  
  18  6:46  SCV  
  19  6:50  Factory  
  19  6:53  SCV  
  20  7:01  SCV  
  21  7:06  Marine  
  21  7:08  SCV  
  22  7:16  SCV  
  21  7:23  SCV  
  19  7:30  SCV  
  19  7:35  Marauder  
  19  7:37  SCV  
  18  7:44  SCV  
  17  7:51  SCV  
  17  7:59  SCV  
  17  8:04  Marauder  
  14  8:06  SCV  
  6  8:20  SCV  
  7  8:43  Factory  
Show
View Real Time Build Order
Export as new Build Order

RevMuun Zerg 

Build Orders: Hatch First 

Get SALT Encoding   

  1  0:00  Lair  
    0:35  Overlord  
    0:41  Drone x12  
    0:55  Drone  
  13  1:06  Overlord  
  13  1:17  Drone  
  14  1:26  Drone  
  14  1:27  Drone  
  16  1:44  Hatchery  
  15  1:48  Drone  
  15  1:51  Drone  
  17  1:57  Drone  
  18  2:03  Extractor  
  17  2:13  Spawning Pool  
  16  2:16  Drone  
  16  2:17  Drone  
  18  2:24  Drone  
  19  2:34  Overlord  
  19  3:00  Queen x2  
  19  3:02  Drone  
  19  3:03  Drone  
  26  3:10  Zergling x2  
  26  3:12  Zergling x2  
  27  3:18  Zergling x2  
  27  3:19  Zergling x2  
  29  3:29  Zergling x2  
  29  3:33  Overlord  
  30  3:45  Drone  
  30  3:46  Drone  
  32  3:52  Drone  
  33  4:03  Lair  
  33  4:11  Drone x2  
  33  4:12  Drone  
  33  4:15  Drone x3  
  39  4:28  Evolution Chamber  
  38  4:46  Roach Warren  
  38  4:48  Drone  
  38  4:52  Drone x2  
  40  4:54  Drone x4  
  44  5:07  Overlord  
  44  5:14  Zerg Missile Weapons Level 1  
  44  5:25  Queen  
  46  5:29  Extractor x2  
  44  6:03  Roach x4  
  52  6:05  Overlord  
  52  6:06  Overlord x3  
  50  6:29  Glial Reconstitution  
  50  6:32  Roach x2  
  53  6:33  Roach x2  
  53  6:34  Roach x4  
  63  6:57  Drone x2  
  63  7:00  Drone x2  
  63  7:01  Drone  
  68  7:02  Roach x3  
  74  7:36  Roach x3  
  80  7:37  Roach  
  80  7:38  Overlord x2  
  80  7:39  Roach  
  84  8:32  Roach x2  
  84  8:33  Roach x4  
  96  8:34  Overlord  
  96  8:35  Overlord x2  
Tags
 
Add a new tag
Caveats
  • Supply blocks, unpowered buildings, or Contaminate may cause inaccurate times.
  • Supply counts are checked every 10 seconds.